[Event "Titled Tuesday Blitz June 27 Late 2023"]
[White "Oliveira, Tiago Batista"]
[Black "Karas, Marek"]
[WhiteFideId "2108291"]
[BlackFideId "14928558"]
[WhiteElo "2166"]
[BlackElo "2442"]
[Result "1-0"]
[Round "4"]
[TimeControl "180+2"]
[Date "2023.06.27"]
[WhiteClock "0:00:05"]
[BlackClock "0:00:48"]
[Board "150"]

1. d4 Nf6 2. c4 c5 3. d5 b5 4. cxb5 a6 5. bxa6 e6 6. Nc3 exd5 7. Nxd5 Nxd5 8. Qxd5 Nc6 9. e3 Bxa6 10. Bxa6 Qa5+ 11. Qd2 Qxa6 12. Ne2 Be7 13. O-O d5 14. Nf4 d4 15. exd4 Nxd4 16. Re1 Kf8 17. Nd5 Bd6 18. b4 Nb3 19. axb3 Qxa1 20. Nb6 Rd8 21. Bb2 Qa6 22. bxc5 Be7 23. Nd7+ Kg8 24. Rxe7 Qc8 25. c6 h6 26. Qd4 Rh7 27. Qc3 h5 28. h3 h4 29. b4 f6 30. b5 Rh5 31. b6 Rb5 32. b7 Qc7 33. Qc4+ Kh7 34. Qxb5 Qd6 35. Qh5+ Kg8 36. Re8+ Rxe8 37. Qxe8+ Kh7 38. Nf8+ Kh8 39. Ng6+ Kh7 40. Nf8+ Kh6 41. b8=Q Qd1+ 42. Kh2 Qd3 43. Qg6+ Qxg6 44. Nxg6 Kh7 45. c7 Kh6 46. Qg8 f5 47. c8=Q Kg5 48. Qxg7 f4 49. Nf8+ Kh5 50. Qc5# 1-0


[Site "https://www.chess.com"]

[Event "Titled Tuesday Blitz June 27 Late 2023"]
[White "McCormick, Cale"]
[Black "zano2023"]
[WhiteFideId "30911141"]
[WhiteElo "2440"]
[BlackElo "2160"]
[Result "0-1"]
[Round "4"]
[TimeControl "180+2"]
[Date "2023.06.27"]
[WhiteClock "0:00:24"]
[BlackClock "0:00:10"]
[Board "151"]

1. d4 e5 2. c4 d6 3. Nf3 Bg4 4. dxe5 Nc6 5. Bg5 Qd7 6. Nc3 h6 7. Bh4 dxe5 8. Qxd7+ Bxd7 9. Nb5 Rc8 10. O-O-O a6 11. Nc3 Nge7 12. e3 Be6 13. Nd5 f6 14. Bd3 Kf7 15. Bb1 g5 16. Bg3 Bg7 17. h4 g4 18. Ng1 h5 19. Ne2 Rhd8 20. Nec3 Nf5 21. Bh2 Nd6 22. b3 Ne7 23. Nxe7 Kxe7 24. Bg6 Bf7 25. Nd5+ Kf8 26. Bb1 b5 27. c5 Nb7 28. c6 Nc5 29. Nc3 Be8 30. b4 Na4 31. Nxa4 bxa4 32. Be4 Ke7 33. a3 Rxd1+ 34. Rxd1 Rd8 35. Rxd8 Kxd8 36. f4 Ke7 37. fxe5 fxe5 38. Bd3 Bxc6 39. Bxa6 Bxg2 40. Bb5 Bh6 41. Kd2 Bd5 42. Bxa4 Kd6 43. Bd1 c5 44. Kd3 cxb4 45. axb4 Kc6 46. e4 Be6 47. Ba4+ Kb6 48. Be8 Bf4 49. Bxh5 Bxh2 50. Bg6 Bf4 51. h5 g3 52. Ke2 Bg4+ 53. Kf1 Bf3 54. Bf5 Kb5 55. h6 Bxh6 56. Bd7+ Kxb4 57. Bf5 Kc4 58. Kg1 Kd4 59. Kf1 Bf4 60. Bh3 Ke3 61. Bg2 Be2+ 62. Ke1 Bf3 63. Bf1 Bxe4 64. Be2 Bf3 65. Bf1 g2 66. Bxg2 Bxg2 67. Kd1 Bf3+ 68. Ke1 Bg3+ 69. Kf1 e4 70. Kg1 Kf4 71. Kf1 e3 72. Kg1 Ke4 73. Kf1 e2+ 74. Kg1 e1=Q# 0-1


[Site "https://www.chess.com"]

[Event "Titled Tuesday Blitz June 27 Late 2023"]
[White "Andrejic, Vladica"]
[Black "Labussiere, Yago"]
[WhiteFideId "928178"]
[BlackFideId "2186969"]
[WhiteElo "2147"]
[BlackElo "2440"]
[Result "1-0"]
[Round "4"]
[TimeControl "180+2"]
[Date "2023.06.27"]
[WhiteClock "0:00:52"]
[BlackClock "0:01:17"]
[Board "152"]

1. d4 d5 2. c4 dxc4 3. e4 Nf6 4. Nc3 e5 5. Nf3 exd4 6. Qxd4 Qxd4 7. Nxd4 Bb4 8. f3 c6 9. Bxc4 Kd8 10. Bg5 Ke7 11. O-O-O h6 12. Bh4 Re8 13. Nf5+ Bxf5 14. exf5 Bxc3 15. bxc3 Kf8 16. g4 Nbd7 17. Bg3 Ne5 18. Bxe5 Rxe5 19. Rhe1 Rxe1 20. Rxe1 Re8 21. Rxe8+ Kxe8 22. Kd2 Nd7 23. Ke3 Ke7 24. f4 f6 25. h4 Kd6 26. Kd4 b5 27. Be6 Nc5 28. Bg8 a5 29. g5 Nd7 30. Be6 c5+ 31. Ke4 Nb6 32. Kf3 c4 33. Kg4 b4 34. cxb4 axb4 35. Kh5 hxg5 36. fxg5 b3 37. Bxc4 b2 38. Bd3 Ke5 39. Kg6 Nd5 40. Kxg7 Nf4 41. Bb1 Nh5+ 42. Kf7 Kf4 43. g6 Kg3 44. g7 Nxg7 45. Kxg7 Kxh4 1-0


[Site "https://www.chess.com"]

[Event "Titled Tuesday Blitz June 27 Late 2023"]
[White "SergioMoralesG"]
[Black "Ricaurte Lopez, Juan Carlos"]
[BlackFideId "3600327"]
[WhiteElo "2434"]
[BlackElo "2120"]
[Result "1-0"]
[Round "4"]
[TimeControl "180+2"]
[Date "2023.06.27"]
[WhiteClock "0:00:34"]
[BlackClock "0:00:00"]
[Board "153"]

1. e4 e5 2. Nf3 Nc6 3. Nc3 Nf6 4. h3 d5 5. exd5 Nxd5 6. Bb5 Nxc3 7. bxc3 Bd6 8. d4 exd4 9. O-O O-O 10. cxd4 a6 11. Bxc6 bxc6 12. Bg5 f6 13. Be3 Be6 14. Qd3 c5 15. d5 Bf7 16. c4 Rb8 17. Qa3 Rb4 18. Nd2 Qa8 19. Qa5 Rfb8 20. Bxc5 Rb2 21. Ne4 Be5 22. Rac1 Bxd5 23. cxd5 Qxd5 24. Qa4 Rxa2 25. Qc4 Qxc4 26. Rxc4 a5 27. Bd4 Rb4 28. Rxb4 axb4 29. Bxe5 fxe5 30. Rb1 Ra4 31. Kf1 Kf7 32. Ke2 Ke7 33. Kd3 Kd8 34. Kc4 b3+ 35. Kd5 Rb4 36. Rb2 1-0


[Site "https://www.chess.com"]

[Event "Titled Tuesday Blitz June 27 Late 2023"]
[White "Torres Dominguez, David"]
[Black "Sukandar, Irine Kharisma"]
[WhiteFideId "2220857"]
[BlackFideId "7101937"]
[WhiteElo "2108"]
[BlackElo "2431"]
[Result "0-1"]
[Round "4"]
[TimeControl "180+2"]
[Date "2023.06.27"]
[WhiteClock "0:00:03"]
[BlackClock "0:00:34"]
[Board "154"]

1. e4 c5 2. Nc3 a6 3. Nf3 b5 4. d4 cxd4 5. Nxd4 Bb7 6. Bd3 g6 7. O-O Bg7 8. Be3 Nf6 9. f3 O-O 10. a3 d5 11. e5 Nfd7 12. f4 e6 13. Nce2 Nc5 14. Nc6 Nxc6 15. Bxc5 Re8 16. Nd4 Rc8 17. Nxc6 Bxc6 18. Bd4 f6 19. Qd2 Rf8 20. Rae1 fxe5 21. Bxe5 Bxe5 22. Rxe5 Qb6+ 23. Kh1 Rce8 24. Rfe1 Bd7 25. h3 Qd4 26. g3 Qxb2 27. Qe2 Qxa3 28. Qg4 Qe7 29. h4 Qg7 30. h5 Rf6 31. Rg5 e5 32. fxe5 Bxg4 33. exf6 Rxe1+ 0-1


[Site "https://www.chess.com"]

[Event "Titled Tuesday Blitz June 27 Late 2023"]
[White "Gasparyan, David"]
[Black "Sanchez, Robert"]
[WhiteFideId "13311980"]
[BlackFideId "2034360"]
[WhiteElo "2430"]
[BlackElo "2107"]
[Result "0-1"]
[Round "4"]
[TimeControl "180+2"]
[Date "2023.06.27"]
[WhiteClock "0:00:05"]
[BlackClock "0:00:07"]
[Board "155"]

1. d4 Nf6 2. c3 d5 3. g3 Nc6 4. Bg2 e5 5. dxe5 Nxe5 6. Nf3 Nxf3+ 7. exf3 Bd6 8. O-O O-O 9. Nd2 c6 10. Nb3 Re8 11. Be3 b6 12. a4 Ba6 13. Re1 h6 14. a5 Bc4 15. Nd2 Bb5 16. axb6 axb6 17. Rxa8 Qxa8 18. Bxb6 Rxe1+ 19. Qxe1 Qa2 20. Qb1 Qa6 21. Bd4 Nd7 22. Qf5 Nf8 23. Bf1 Ne6 24. Be5 Bf8 25. f4 Bxf1 26. Nxf1 Qe2 27. b4 c5 28. Qb1 d4 29. cxd4 cxd4 30. b5 d3 31. Bc3 Bc5 32. Qe1 Qg4 33. Ne3 Qf3 34. Nc4 h5 35. Ne5 Qd5 36. Qd2 f6 37. Qxd3 Qb3 38. Nc6 h4 39. f5 Ng5 40. Nd4 Bxd4 41. b6 Bxb6 42. gxh4 Nf7 43. Qg3 Qd1+ 44. Kg2 Qd5+ 45. Kg1 Qd1+ 46. Kg2 Bc5 47. Bxf6 Qd5+ 48. Kg1 Bf8 49. Bc3 Qxf5 50. Kg2 Nh6 51. Bd4 Qd5+ 52. Qf3 Qxd4 53. Qb3+ Kh8 54. Qb8 Qf6 55. h5 Nf5 56. Qc8 Kh7 57. Kf1 Bd6 58. Qc2 g6 59. hxg6+ Kxg6 60. Qe4 Qe5 61. Qg4+ Kf6 62. Qg8 Qb5+ 63. Kg2 Qe5 64. Qh8+ Ng7 65. Qh6+ Kf7 66. Qd2 Be7 67. Qa2+ Kf8 68. Qa8+ Kf7 69. Qa2+ Ne6 70. Qc2 Qg5+ 71. Kf1 Nf4 72. Qh7+ Ke6 73. Qe4+ Kd7 74. Qd4+ Bd6 75. Qa7+ Kd8 76. Qb6+ Ke7 77. Qa7+ Kf6 78. Qd4+ Be5 79. Qd8+ Kf5 80. Qf8+ Kg4 81. Qc8+ Qf5 82. Qc1 Qd3+ 83. Kg1 Ne2+ 84. Kg2 Nxc1 85. Kg1 Qd1+ 86. Kg2 Qd5+ 87. Kg1 Kf3 88. h3 Qd2 89. Kh1 Qxf2 90. h4 Qg2# 0-1


[Site "https://www.chess.com"]

[Event "Titled Tuesday Blitz June 27 Late 2023"]
[White "Aqib Javaid Butt"]
[Black "zsizsi99"]
[WhiteFideId "7801262"]
[WhiteElo "2033"]
[BlackElo "2426"]
[Result "0-1"]
[Round "4"]
[TimeControl "180+2"]
[Date "2023.06.27"]
[WhiteClock "0:00:00"]
[BlackClock "0:00:49"]
[Board "156"]

1. d4 Nf6 2. Nf3 e6 3. c4 d5 4. Nc3 Bb4 5. e3 O-O 6. Bd3 c5 7. O-O Nc6 8. a3 dxc4 9. axb4 cxb4 10. Bxc4 bxc3 11. bxc3 b6 12. Ba3 Re8 13. Bb5 Bd7 14. Re1 a6 15. Bd3 e5 16. dxe5 Nxe5 17. Nxe5 Rxe5 18. Qc2 Ba4 19. Bxh7+ Nxh7 20. Qxa4 b5 21. Qd4 Qe8 22. Rad1 Nf6 23. Bd6 Re4 24. Qb6 Rc4 25. Bb4 Ne4 26. Rd4 Rc6 27. Qa5 Ng5 28. Red1 Ne6 29. Rd6 Rxd6 30. Rxd6 Qc8 31. g3 g6 32. Qb6 Ng5 33. Rxg6+ fxg6 34. Qxg6+ Kh8 35. Qxg5 Qg8 36. Qh6+ Qh7 37. Qf6+ Qg7 38. Qh4+ Kg8 39. Qd4 Qxd4 40. exd4 a5 41. Ba3 Rc8 42. Bb2 a4 43. Kf1 b4 44. cxb4 Rc2 0-1


[Site "https://www.chess.com"]

[Event "Titled Tuesday Blitz June 27 Late 2023"]
[White "Dushyant Sharma"]
[Black "Arnold, Ken"]
[WhiteFideId "25065130"]
[BlackFideId "2056836"]
[WhiteElo "2513"]
[BlackElo "2390"]
[Result "0-1"]
[Round "4"]
[TimeControl "180+2"]
[Date "2023.06.27"]
[WhiteClock "0:00:08"]
[BlackClock "0:00:19"]
[Board "157"]

1. e4 c6 2. d4 d5 3. exd5 cxd5 4. c3 Nf6 5. Bd3 Nc6 6. Nf3 Bg4 7. O-O e6 8. Be3 Bd6 9. Nbd2 O-O 10. Qc2 Rc8 11. a3 a6 12. Rae1 Bh5 13. Bg5 Bg6 14. Qb1 Bxd3 15. Qxd3 h6 16. Bh4 Be7 17. Ne5 Nxe5 18. dxe5 Nd7 19. Bxe7 Qxe7 20. f4 Nc5 21. Qh3 f5 22. exf6 Rxf6 23. Re3 Rc6 24. b4 Na4 25. Nb3 Rc4 26. Nd4 Nxc3 27. Nxe6 Ne4 28. f5 a5 29. bxa5 Qd6 30. Qg4 Ng5 31. Qh5 Nxe6 32. fxe6 Rxf1+ 33. Kxf1 Qc5 34. Qf7+ Kh7 35. Qf5+ Kg8 36. Qf7+ Kh7 37. Re1 Rc1 38. e7 Qc4+ 39. Kf2 Qh4+ 40. g3 Qxh2+ 41. Kf3 Rxe1 42. Qf5+ Kg8 43. Qxd5+ Kh7 44. Qf5+ Kg8 45. Qf8+ Kh7 46. e8=Q Qh1+ 47. Kg4 Re4+ 48. Qxe4+ Qxe4+ 49. Kh3 Qe6+ 50. Kh2 Qa2+ 51. Kh3 Qe6+ 52. Kg2 Qc6+ 53. Kh2 Qc2+ 54. Kh3 Qc7 55. Qf5+ g6 56. Qe4 Qf7 57. a4 Qf5+ 58. Qxf5 gxf5 59. Kg2 Kg6 60. Kf3 Kg5 61. Ke3 h5 62. Kd4 f4 63. gxf4+ Kxf4 64. Kc5 h4 65. Kb6 h3 66. a6 bxa6 67. Kxa6 h2 68. a5 h1=Q 69. Ka7 Qh7+ 70. Kb8 Qg8+ 71. Ka7 Qf7+ 72. Kb8 Qe8+ 73. Ka7 Qd7+ 74. Ka8 Qb5 0-1


[Site "https://www.chess.com"]

[Event "Titled Tuesday Blitz June 27 Late 2023"]
[White "Baches Garcia, Guillermo"]
[Black "Topalov, Aleksandar"]
[WhiteFideId "2209764"]
[BlackFideId "925659"]
[WhiteElo "2463"]
[BlackElo "2382"]
[Result "1-0"]
[Round "4"]
[TimeControl "180+2"]
[Date "2023.06.27"]
[WhiteClock "0:01:08"]
[BlackClock "0:00:07"]
[Board "158"]

1. e4 e6 2. Qe2 c5 3. Nf3 Nc6 4. g3 Be7 5. Bg2 d5 6. exd5 exd5 7. O-O Nf6 8. d4 O-O 9. dxc5 Bxc5 10. Nbd2 Re8 11. Qd3 Bb6 12. Nb3 Nb4 13. Qd1 Bf5 14. Nfd4 Bg6 15. a3 Nc6 16. Be3 Ne4 17. c3 Qd7 18. a4 Rad8 19. a5 Bc7 20. a6 b6 21. Nxc6 Qxc6 22. Nd4 Qd7 23. Qa4 Nc5 24. Qxd7 Rxd7 25. Bh3 Rdd8 26. Nc6 Ra8 27. Rfd1 Be4 28. b4 Ne6 29. Bg2 h6 30. Nd4 Be5 31. Nxe6 Rxe6 32. Bd4 Bc7 33. Bxe4 dxe4 34. b5 Rd6 35. Be3 Rad8 36. Rxd6 Rxd6 37. c4 Rd3 38. c5 bxc5 39. Bxc5 Bb8 40. b6 axb6 41. Bxb6 Rb3 42. a7 1-0


[Site "https://www.chess.com"]

[Event "Titled Tuesday Blitz June 27 Late 2023"]
[White "Schuster, Karsten"]
[Black "whiteglovethief"]
[WhiteFideId "4611071"]
[WhiteElo "2346"]
[BlackElo "2456"]
[Result "1-0"]
[Round "4"]
[TimeControl "180+2"]
[Date "2023.06.27"]
[WhiteClock "0:00:59"]
[BlackClock "0:00:39"]
[Board "159"]

1. Nf3 Nf6 2. b3 g6 3. Bb2 Bg7 4. d4 c5 5. c3 Qa5 6. e3 cxd4 7. Nxd4 Nc6 8. Be2 O-O 9. O-O d5 10. Nxc6 bxc6 11. Nd2 Rb8 12. c4 Ba6 13. cxd5 cxd5 14. Bxa6 Qxa6 15. Nf3 e6 16. Be5 Rbc8 17. Qd4 Nh5 18. Bxg7 Nxg7 19. Rfc1 Qa3 20. Qd2 Nf5 21. h3 Nd6 22. Ne5 Ne4 23. Qe1 Qb2 24. Nd3 Qf6 25. f3 Nd6 26. Rxc8 Rxc8 27. Rc1 Rxc1 28. Qxc1 Nf5 29. Nf2 Qg5 30. Qc8+ Kg7 31. Qc3+ Qf6 32. Qxf6+ Kxf6 33. Ng4+ Ke7 34. Kf2 h5 35. Ne5 a6 36. b4 d4 37. Nc6+ Kd6 38. Nb8 d3 39. e4 d2 40. Ke2 Ne3 41. Kxd2 Nxg2 42. Nxa6 Nf4 43. a4 Nxh3 44. Ke3 e5 45. b5 Nf4 46. a5 h4 47. b6 Kc6 48. Nc5 h3 49. b7 Kc7 50. a6 Ne6 51. a7 1-0


[Site "https://www.chess.com"]

[Event "Titled Tuesday Blitz June 27 Late 2023"]
[White "BrandonJiang123456"]
[Black "Jiang, Andrew"]
[BlackFideId "30953510"]
[WhiteElo "2202"]
[BlackElo "2442"]
[Result "1-0"]
[Round "4"]
[TimeControl "180+2"]
[Date "2023.06.27"]
[WhiteClock "0:00:37"]
[BlackClock "0:01:24"]
[Board "160"]

1. e4 e5 2. Nf3 Nc6 3. Bc4 Bc5 4. c3 Nf6 5. d3 d6 6. Bb3 a6 7. Nbd2 Ba7 8. Nf1 O-O 9. h3 Be6 10. Ng3 d5 11. Qe2 h6 12. O-O Qd6 13. Nh2 dxe4 14. dxe4 Bxb3 15. axb3 Qe6 16. b4 Rfd8 17. Ng4 Nxg4 18. hxg4 Rd7 19. Nf5 Rad8 20. g5 hxg5 21. Bxg5 f6 22. Bh4 g5 23. Qg4 Re8 24. Rad1 Rh7 25. Rd3 Kf7 26. Rfd1 gxh4 27. Rd7+ Ne7 28. Rxc7 Bxf2+ 29. Kxf2 Qb6+ 30. Rc5 Rg8 31. Nd6+ Kf8 32. Qd7 Nc6 33. Qxh7 1-0


[Site "https://www.chess.com"]

[Event "Titled Tuesday Blitz June 27 Late 2023"]
[White "Gardezi, Arsal"]
[Black "Kisic, Bozidar"]
[WhiteFideId "30949521"]
[BlackFideId "16500350"]
[WhiteElo "2180"]
[BlackElo "2441"]
[Result "0-1"]
[Round "4"]
[TimeControl "180+2"]
[Date "2023.06.27"]
[WhiteClock "0:00:14"]
[BlackClock "0:00:10"]
[Board "161"]

1. e4 g6 2. d4 Bg7 3. Nc3 d6 4. Nf3 a6 5. Be3 Nd7 6. Qd2 b5 7. a3 Bb7 8. Bd3 Rc8 9. d5 c5 10. dxc6 Bxc6 11. O-O Nc5 12. Nd4 Bb7 13. b4 Nd7 14. Rab1 Ne5 15. a4 Nc4 16. Bxc4 bxc4 17. b5 Qa5 18. Rfd1 Nf6 19. f3 Nd7 20. bxa6 Bxa6 21. Nd5 Qxd2 22. Rxd2 e6 23. Nb4 c3 24. Rdd1 Bc4 25. Nb5 Bxb5 26. axb5 Ne5 27. Bd4 Rc4 28. Nc6 O-O 29. Bxe5 Bxe5 30. Nxe5 dxe5 31. b6 Rb8 32. Rd7 Kf8 33. Ra7 Rd4 34. b7 Rdd8 35. Ra3 Rd7 36. Ra8 Rdd8 37. Ra3 Ke7 38. Rxc3 Rd7 39. Rcb3 Rc7 40. R1b2 Kd7 41. Rb6 Rc4 42. Ra6 Kc7 43. Rab6 Rd4 44. R6b3 Rd1+ 45. Kf2 Rd2+ 46. Kg3 f5 47. Rc3+ Kd7 48. Rd3+ Rxd3 49. cxd3 g5 50. h4 h6 51. hxg5 hxg5 52. Rb4 Kd6 53. d4 exd4 54. Rxd4+ Ke7 55. Rb4 Kd6 56. Rb6+ Ke5 57. Rb5+ Kf6 58. f4 gxf4+ 59. Kxf4 e5+ 60. Rxe5 Rxb7 61. Rxf5+ Kg6 62. g4 Rb1 63. Re5 Rf1+ 64. Kg3 Rg1+ 65. Kf2 Rxg4 66. Kf3 Rg1 67. Ke3 Kf6 68. Kd4 Rd1+ 0-1


[Site "https://www.chess.com"]

[Event "Titled Tuesday Blitz June 27 Late 2023"]
[White "Carrasco Miranda, Andres"]
[Black "Cooper, Aaron"]
[WhiteFideId "3405990"]
[BlackFideId "2634945"]
[WhiteElo "2409"]
[BlackElo "2177"]
[Result "1-0"]
[Round "4"]
[TimeControl "180+2"]
[Date "2023.06.27"]
[WhiteClock "0:02:34"]
[BlackClock "0:01:08"]
[Board "162"]

1. d4 Nf6 2. c4 e6 3. g3 d5 4. Bg2 Be7 5. Nf3 O-O 6. O-O Nbd7 7. Nbd2 a6 8. Qc2 dxc4 9. Nxc4 c5 10. Rd1 b5 11. Nfe5 Rb8 12. Nc6 Qc7 13. Nxe7+ Kh8 14. Bf4 Qa7 15. Bxb8 Qxb8 16. Ne5 1-0


[Site "https://www.chess.com"]

[Event "Titled Tuesday Blitz June 27 Late 2023"]
[White "infinitypoint"]
[Black "Kopacz, Grzegorz"]
[BlackFideId "1109880"]
[WhiteElo "2593"]
[BlackElo "2197"]
[Result "1-0"]
[Round "4"]
[TimeControl "180+2"]
[Date "2023.06.27"]
[WhiteClock "0:00:58"]
[BlackClock "0:00:16"]
[Board "163"]

1. e4 c5 2. Nf3 Nc6 3. c3 d5 4. exd5 Qxd5 5. d4 Bg4 6. Be2 cxd4 7. cxd4 e6 8. Nc3 Qa5 9. O-O Nf6 10. h3 Bh5 11. Be3 Bd6 12. Qb3 Qc7 13. Nb5 Qb8 14. Nxd6+ Qxd6 15. Rac1 O-O 16. Qxb7 Nb4 17. a3 Nbd5 18. Rc6 Rab8 19. Qa6 Qd8 20. b4 Rb6 21. Rxb6 axb6 22. Rc1 Qa8 23. Qd3 Bg6 24. Qb3 h6 25. Ne5 Bf5 26. Bf3 Qa6 27. b5 Qa5 28. Nc6 Qa8 29. Ne7+ Kh8 30. Nxf5 exf5 31. Rc6 Qd8 32. Qc4 Nxe3 33. fxe3 Ne4 34. Bxe4 fxe4 35. a4 Qg5 36. Qc3 f5 37. Rc8 Rxc8 38. Qxc8+ Kh7 39. Qc1 Qd8 40. Qf1 Qd5 41. Qf4 Kg6 42. Kh2 Kf6 43. Qc7 Qe6 44. Qd8+ Kf7 45. a5 bxa5 46. Qxa5 f4 47. Qc7+ Kg8 48. Qxf4 g5 49. Qe5 Qa2 50. b6 Qb1 51. Qb8+ Kh7 52. Qc7+ Kg8 53. b7 1-0


[Site "https://www.chess.com"]

[Event "Titled Tuesday Blitz June 27 Late 2023"]
[White "marik_spb"]
[Black "Waldo Zalapa, Alejandro"]
[BlackFideId "5106109"]
[WhiteElo "2455"]
[BlackElo "2164"]
[Result "1-0"]
[Round "4"]
[TimeControl "180+2"]
[Date "2023.06.27"]
[WhiteClock "0:00:49"]
[BlackClock "0:00:40"]
[Board "164"]

1. e4 c5 2. c3 d5 3. exd5 Qxd5 4. d4 Nc6 5. Nf3 e5 6. dxe5 Qxd1+ 7. Kxd1 Bg4 8. Bf4 f6 9. exf6 Nxf6 10. Bb5 O-O-O+ 11. Nd2 Ne4 12. Bxc6 Nxf2+ 13. Ke2 Nxh1 14. Be4 Bd6 15. Bxd6 Rxd6 16. Rxh1 Re8 17. Ke3 g6 18. h3 Bf5 19. g4 Bd7 20. Kf2 b5 21. Re1 Kc7 22. Nb3 Kb6 23. Bc2 Rxe1 24. Kxe1 Bc6 25. Nbd2 a5 26. Ke2 a4 27. Be4 Be8 28. Ke3 Bf7 29. a3 b4 30. Ne5 bxa3 31. bxa3 Rf6 32. Nd7+ 1-0


[Site "https://www.chess.com"]

[Event "Titled Tuesday Blitz June 27 Late 2023"]
[White "Garsky, Vladyslav"]
[Black "Hartikainen, Jarmo"]
[WhiteFideId "34100270"]
[BlackFideId "503134"]
[WhiteElo "2435"]
[BlackElo "2155"]
[Result "1-0"]
[Round "4"]
[TimeControl "180+2"]
[Date "2023.06.27"]
[WhiteClock "0:01:25"]
[BlackClock "0:00:00"]
[Board "165"]

1. e4 c5 2. c3 d5 3. exd5 Qxd5 4. d4 cxd4 5. cxd4 Nc6 6. Nf3 Bg4 7. Be2 e6 8. Nc3 Qa5 9. O-O Nf6 10. Be3 Be7 11. Qb3 Qb4 12. Rad1 O-O 13. Ne5 Qxb3 14. axb3 Bxe2 15. Nxe2 Nxe5 16. dxe5 Nd5 17. Bd4 Rfc8 18. Nc3 Nf4 19. Rfe1 a6 20. g3 Ng6 21. h4 h5 22. Ne4 Rd8 23. Bb6 Rxd1 24. Rxd1 Nxe5 25. f4 Nc6 26. Rd7 f5 27. Ng5 Bd8 28. Rxb7 Bxb6+ 29. Rxb6 Nd4 30. Rd6 Nxb3 31. Nxe6 a5 32. Rd7 a4 33. Rxg7+ Kh8 34. Rg5 a3 35. Rxh5+ Kg8 36. bxa3 Rxa3 37. Rxf5 Nd2 38. Rg5+ Kf7 39. Nd4 1-0


[Site "https://www.chess.com"]

[Event "Titled Tuesday Blitz June 27 Late 2023"]
[White "Brown, Raehanna"]
[Black "Bueno, Alfeu Junior Varela"]
[WhiteFideId "7402740"]
[BlackFideId "2108879"]
[WhiteElo "2142"]
[BlackElo "2392"]
[Result "0-1"]
[Round "4"]
[TimeControl "180+2"]
[Date "2023.06.27"]
[WhiteClock "0:00:00"]
[BlackClock "0:00:24"]
[Board "167"]

1. c4 e5 2. Nc3 Nc6 3. g3 f5 4. Bg2 Nf6 5. d3 Bb4 6. e3 Bxc3+ 7. bxc3 O-O 8. Ne2 d6 9. O-O Qe8 10. f4 Kh8 11. Qd2 Rb8 12. Rb1 Bd7 13. Ba3 Qh5 14. c5 d5 15. fxe5 Ng4 16. h3 Ngxe5 17. Nf4 Qg5 18. Kh2 Qh6 19. Nxd5 Rfe8 20. Kg1 Qg5 21. Kh2 Qh6 22. Rbe1 Rbc8 23. Nf4 Rcd8 24. Bc1 Bc8 25. d4 Nf7 26. Qd3 Ng5 27. c4 Ne4 28. Bb2 Ne5 29. dxe5 Rxd3 30. Nxd3 Nd2 31. Rf4 Qa6 32. Rc1 Qxa2 33. c6 b6 34. Bd5 Ne4 35. Bxe4 fxe4 36. Rxe4 Bf5 37. Rd4 Bxd3 0-1


[Site "https://www.chess.com"]

[Event "Titled Tuesday Blitz June 27 Late 2023"]
[White "Cardenas Carbajal, Nilson"]
[Black "Inepton_Fermion"]
[WhiteFideId "8401128"]
[WhiteElo "2117"]
[BlackElo "2366"]
[Result "0-1"]
[Round "4"]
[TimeControl "180+2"]
[Date "2023.06.27"]
[WhiteClock "0:00:26"]
[BlackClock "0:00:11"]
[Board "168"]

1. e4 c6 2. d4 d5 3. Nd2 dxe4 4. Nxe4 Nf6 5. Nxf6+ exf6 6. c3 Bd6 7. Bd3 O-O 8. Qc2 Re8+ 9. Ne2 h5 10. Be3 Be6 11. h3 Nd7 12. O-O-O b5 13. g4 h4 14. Rhg1 Qa5 15. c4 bxc4 16. Bxc4 Bxc4 17. Qxc4 Nb6 18. Qc2 Nd5 19. Kb1 Nxe3 20. fxe3 Rxe3 21. g5 fxg5 22. Qxc6 Rb8 23. Qxd6 Rxb2+ 24. Kxb2 Rxe2+ 25. Kb1 Qxa2+ 0-1


[Site "https://www.chess.com"]

[Event "Titled Tuesday Blitz June 27 Late 2023"]
[White "Arias Igual, Alejandro"]
[Black "Petersson, Kjell"]
[WhiteFideId "2254905"]
[BlackFideId "1705148"]
[WhiteElo "2352"]
[BlackElo "2108"]
[Result "0-1"]
[Round "4"]
[TimeControl "180+2"]
[Date "2023.06.27"]
[WhiteClock "0:00:19"]
[BlackClock "0:00:58"]
[Board "169"]

1. d4 f5 2. e4 fxe4 3. Nc3 Nf6 4. f3 d5 5. fxe4 dxe4 6. Bg5 Bf5 7. Qd2 e6 8. O-O-O Be7 9. Kb1 O-O 10. Nge2 Nd5 11. Bxe7 Qxe7 12. Ng3 Nxc3+ 13. Qxc3 Nc6 14. Bc4 Kh8 15. a3 a5 16. Rhe1 Qh4 17. Qb3 Nd8 18. Rh1 c6 19. a4 b5 20. axb5 cxb5 21. Qxb5 Nf7 22. d5 Nd6 23. Qc6 Nxc4 24. Qxc4 Rfc8 25. Qd4 Bg6 26. d6 Rxc2 27. Kxc2 e3+ 28. Kc1 Rc8+ 29. Qc3 Rxc3+ 30. bxc3 Qc4 31. Kb2 Qb5+ 32. Ka1 Qa4+ 33. Kb2 Qc2+ 34. Ka3 Qxc3+ 35. Ka2 Qc4+ 36. Ka3 Qb4+ 37. Ka2 a4 38. d7 Qc4+ 39. Ka1 Qc3+ 40. Ka2 Qb3+ 41. Ka1 Qa3# 0-1


[Site "https://www.chess.com"]

[Event "Titled Tuesday Blitz June 27 Late 2023"]
[White "Gyulamiryan-koryun"]
[Black "Roman, Rodrigo"]
[BlackFideId "3701220"]
[WhiteElo "2090"]
[BlackElo "2340"]
[Result "0-1"]
[Round "4"]
[TimeControl "180+2"]
[Date "2023.06.27"]
[WhiteClock "0:00:00"]
[BlackClock "0:00:34"]
[Board "170"]

1. e4 e5 2. Nc3 Nf6 3. Bc4 Nxe4 4. Bxf7+ Kxf7 5. Nxe4 d5 6. Qh5+ Kg8 7. Ng5 Qf6 8. N1f3 Nc6 9. d4 h6 10. Nh3 Nxd4 11. Nxd4 exd4 12. Qxd5+ Be6 13. Qxb7 Re8 14. O-O Bxh3 15. gxh3 Bd6 16. Qd5+ Kh7 17. f4 Re2 18. c4 Qg6+ 19. Kh1 Qc2 20. c5 Bxc5 21. b4 Bb6 22. Ba3 Rxh2+ 23. Kg1 d3+ 0-1


[Site "https://www.chess.com"]

[Event "Titled Tuesday Blitz June 27 Late 2023"]
[White "el_sporco"]
[Black "Winkels, Marcel"]
[BlackFideId "1003887"]
[WhiteElo "2326"]
[BlackElo "2087"]
[Result "1-0"]
[Round "4"]
[TimeControl "180+2"]
[Date "2023.06.27"]
[WhiteClock "0:01:40"]
[BlackClock "0:00:06"]
[Board "171"]

1. e4 c5 2. Nf3 d6 3. Nc3 Nf6 4. e5 dxe5 5. Nxe5 g6 6. Bb5+ Nbd7 7. d4 a6 8. Bxd7+ Nxd7 9. Qf3 Nxe5 10. dxe5 Bg7 11. Bf4 O-O 12. O-O Ra7 13. Rad1 Qe8 14. Ne4 b6 15. Qe3 Bf5 16. Nc3 Rd7 17. Rxd7 Qxd7 18. Rd1 Qc8 19. Nd5 Qb7 20. Bh6 Rd8 21. Nf6+ 1-0


[Site "https://www.chess.com"]

[Event "Titled Tuesday Blitz June 27 Late 2023"]
[White "Blackwhite017"]
[Black "Cardozo Munar, Carlos Eduardo"]
[BlackFideId "4409477"]
[WhiteElo "2081"]
[BlackElo "2312"]
[Result "0-1"]
[Round "4"]
[TimeControl "180+2"]
[Date "2023.06.27"]
[WhiteClock "0:00:00"]
[BlackClock "0:00:35"]
[Board "172"]

1. e4 e6 2. d3 d5 3. Nd2 Nf6 4. Ngf3 c5 5. g3 Nc6 6. Bg2 Be7 7. O-O b5 8. Re1 a5 9. Nf1 a4 10. e5 Nd7 11. h4 b4 12. Bf4 h6 13. N1h2 a3 14. b3 Ba6 15. Qd2 Nd4 16. Nxd4 cxd4 17. Nf3 Qb6 18. g4 Rc8 19. Rac1 Rc3 20. Qe2 Qc5 21. g5 hxg5 22. hxg5 O-O 23. Red1 Rc8 24. Rd2 Nf8 25. Nh4 Bb5 26. Bh3 Qb6 27. Kg2 Qa6 28. Bg4 g6 29. Nf3 Nd7 30. Nh2 Nc5 31. Qf3 Nxd3 32. cxd3 Rxc1 33. Qh3 R8c2 34. Bf3 Bxd3 35. Ng4 Bf1+ 0-1


[Site "https://www.chess.com"]

[Event "Titled Tuesday Blitz June 27 Late 2023"]
[White "Gertler, David"]
[Black "Bongo Akanga Ndjila, Barthelemy"]
[WhiteFideId "2017377"]
[BlackFideId "10609431"]
[WhiteElo "2290"]
[BlackElo "2075"]
[Result "1-0"]
[Round "4"]
[TimeControl "180+2"]
[Date "2023.06.27"]
[WhiteClock "0:01:10"]
[BlackClock "0:00:14"]
[Board "173"]

1. e4 c6 2. c4 d5 3. cxd5 cxd5 4. exd5 Nf6 5. Bb5+ Bd7 6. Bc4 a5 7. a4 g6 8. Qb3 Qc8 9. Nc3 Bg7 10. Nf3 O-O 11. O-O Na6 12. d4 Nb4 13. Re1 Re8 14. Ne5 Bf5 15. d6 e6 16. Bg5 Nd7 17. Rac1 f6 18. Nxd7 Qxd7 19. Bf4 Kh8 20. Nb5 e5 21. dxe5 fxe5 22. Bd2 Rac8 23. Bxb4 axb4 24. Qxb4 e4 25. Nc3 Bh6 26. Bb5 Qf7 27. d7 Bxd7 28. Qd4+ Kg8 29. Qxd7 Bxc1 30. Qxf7+ Kxf7 31. Bxe8+ Rxe8 32. Rxc1 e3 33. Re1 exf2+ 34. Kxf2 Rd8 35. Re2 1-0


[Site "https://www.chess.com"]